 Dungeon Crawl Stone Soup version 0.28-a0-239-g68911e0c57 (webtiles) character file.

Game seed: 11857052493316512740

4211 PentaManta the Grappler (level 10, -16/86 HPs)
             Began as a Ghoul Abyssal Knight on Aug 23, 2021.
             Was an Elder of Lugonu.
             Demolished by a boulder beetle (39 damage)
             ... on level 7 of the Dungeon.
             The game lasted 00:16:40 (7589 turns).

PentaManta the Grappler (Ghoul Abyssal Knight)      Turns: 7589, Time: 00:16:41

Health: -16/86     AC: 14    Str: 20    XL:     10   Next: 29%
Magic:  13/13      EV:  8    Int:  7    God:    Lugonu [****..]
Gold:   304        SH: 10    Dex: 14    Spells: 9/9 levels left

rFire   . . .      SeeInvis .     - Unarmed
rCold   + . .      Faith    .   w - +0 buckler
rNeg    + + +      Spirit   .   d - +0 chain mail
rPois   ∞          Reflect  +   n - +1 helmet
rElec   .          Harm     .   r - +0 cloak
rCorr   .          Rampage  .   (no gloves)
Will    .....                   v - +0 pair of boots
Stlth   ..........              f - amulet of reflection
HPRegen 0.00/turn               q - ring of flight
MPRegen 0.13/turn               h - +6 ring of dexterity

@: flying, inhibited regen
A: claws 1, cold resistance 1, negative energy resistance 3, inhibited
regeneration, torment resistance 2
a: Renounce Religion, Depart the Abyss, Bend Space, Banish, Corrupt


You were on level 7 of the Dungeon.
You worshipped Lugonu.
Lugonu was greatly pleased with you.
You visited 2 branches of the dungeon, and saw 8 of its levels.
You visited the Abyss 1 time.
You also visited: Sewer.

You collected 304 gold pieces.

Inventory:

Missiles
 b - 13 boomerangs
 j - 4 boomerangs of dispersal
 F - 10 poisoned darts (quivered)
Armour
 d - a +0 chain mail (worn)
 k - a +0 plate armour
 n - a +1 helmet (worn)
 r - a +0 cloak (worn)
 v - a +0 pair of boots (worn)
 w - a +0 buckler (worn)
Jewellery
 f - an amulet of reflection (around neck)
 h - a +6 ring of dexterity (right claw)
 q - a ring of flight (left claw)
 E - a +4 ring of evasion
Wands
 u - a wand of flame (20)
Scrolls
 c - a scroll of enchant armour
 g - a scroll of amnesia {unknown}
 l - a scroll of fear
 m - a scroll of silence
 x - 2 scrolls of teleportation
 y - a scroll of summoning {unknown}
 z - a scroll of magic mapping
 A - a scroll of enchant weapon
 D - a scroll of identify
Potions
 a - 3 potions of ambrosia
 e - 3 potions of haste
 i - 7 potions of curing
 o - a potion of might {unknown}
 p - 2 potions of invisibility {unknown}
 s - a potion of resistance {unknown}
 t - a potion of heal wounds
 B - a potion of brilliance {unknown}
 C - 2 potions of mutation


   Skills:
 * Level 7.1 Fighting
 * Level 5.5 Armour
 - Level 0.8 Dodging
 * Level 3.7 Shields
 - Level 11.0 Unarmed Combat
 * Level 6.4 Invocations


You had 9 spell levels left.
You didn't know any spells.
Your spell library was empty.

Dungeon Overview and Level Annotations

Branches:
Dungeon (7/15)             Temple (1/1) D:6           Sewer (visited)

Altars:
Ashenzari
Fedhas
Gozag
Hepliaklqana
Wu Jian
Yredelemnul


Innate Abilities, Weirdness & Mutations

You thrive by killing the living.
You are immune to poison.
You have sharp fingernails.
Your flesh is cold resistant. (rC+)
You are immune to negative energy. (rN+++)
You do not regenerate when monsters are visible.
You are immune to unholy pain and torment.


Message History

You claw the scorpion!
The scorpion is almost dead.
The scorpion stings you but does no damage.
You closely miss the scorpion.
The scorpion is almost dead.
You block the scorpion's attack.
You claw the scorpion!
You kill the scorpion!
Lugonu accepts your kill. The boulder beetle hits you!!
The boulder beetle stops rolling and uncurls.
Throw: 13 darts (poison)
Press: ? - help, Q - select action, (/) - cycle Shift-Dir - straight line, f/p - boulder beetle
Aim: a boulder beetle (lightly wounded, poisoned, 90% to hit)
You throw a poisoned dart.
The poisoned dart hits the boulder beetle.
The boulder beetle looks even sicker.
The boulder beetle is lightly wounded.
The wyvern zombie bites you. x2; The boulder beetle bites you!
* * * LOW HITPOINT WARNING * * *
Throw: 12 darts (poison)
Press: ? - help, Q - select action, (/) - cycle Shift-Dir - straight line, f/p - boulder beetle
Aim: a boulder beetle (lightly wounded, very poisoned, 90% to hit)
You throw a poisoned dart.
The poisoned dart hits the boulder beetle.
The boulder beetle looks even sicker.
The boulder beetle is lightly wounded.
You block the wyvern zombie's attack. The boulder beetle barely misses you.
Space bends around you!
You blink.
The boulder beetle curls into a ball and begins rolling!
Throw: 11 darts (poison)
Press: ? - help, Q - select action, (/) - cycle Shift-Dir - straight line, f/p - boulder beetle
Aim: a boulder beetle (moderately wounded, rolling, very poisoned, 90% to hit)
You throw a poisoned dart.
The poisoned dart hits the wyvern zombie.
The wyvern zombie is severely damaged.
Found 13 gold pieces.
There is a stone staircase leading down here.
Magic restored.
The boulder beetle hits you!!!
You die...

#...##...#.#)..##.........##
....#...##.##...#.........#
###.#!.##...##.(#.........#
#.####.....####....<...##
.....................#
####....°............#
#.....°..........##
.....#...○Z........#
.....###..B@......#. ......
##..........#. .....#
##.......#. #. ..# ##.....##
####.$# ##.. #.. ..


You could see a boulder beetle (rolling, very poisoned) and a wyvern zombie.

Vanquished Creatures
  A two-headed ogre (D:7)
  An unseen horror (D:6)
  Grinder (D:4)
  A wyvern (D:7)
  Eustachio (D:4)
  Edmund (D:4)
  A water moccasin (D:7)
  Duvessa (D:5)
  Purgy (Sewer)
  2 sky beasts
  A necrophage (D:3)
  3 ogres
  A phantom (D:3)
  2 bullfrogs
  A gnoll sergeant (D:4)
  3 water moccasin zombies
  3 scorpions
  Dowan (D:5)
  A water moccasin skeleton (D:4)
  A wyvern skeleton (D:7)
  A centaur zombie (D:7)
  Crazy Yiuf (D:2)
  4 centaur skeletons
  An orc priest (D:3)
  A gnoll shaman (D:7)
  2 bullfrog skeletons
  4 iguanas
  Natasha (thrice) (D:2)
  3 orc wizards
  3 hound skeletons
  2 howler monkey skeletons
  11 gnolls
  10 adders
  2 river rats (D:5)
  A shadow imp (D:7)
  An adder skeleton (D:4)
  4 worms
  3 dart slugs
  12 orcs
  8 ball pythons
  6 endoplasms
  3 giant cockroaches
  5 goblins
  9 hobgoblins
  5 kobolds
  2 quokkas (D:5)
  3 bats
  9 frilled lizards
  8 rats
155 creatures vanquished.

Vanquished Creatures (others)
  2 fungi (D:2)
  2 plants (D:5)
4 creatures vanquished.

Grand Total: 159 creatures vanquished

Notes
Turn   | Place    | Note
-------+----------+-------------------------------------------
     0 | Abyss:1  | PentaManta the Ghoul Abyssal Knight began the quest for the
                  | Orb.
     0 | Abyss:1  | Reached XP level 1. HP: 19/19 MP: 1/1
    13 | Abyss:1  | Found a corrupted altar of Lugonu.
    43 | Abyss:1  | Noticed a ynoxinul
    51 | D:1      | Escaped the Abyss
   242 | D:1      | Reached XP level 2. HP: 22/26 MP: 2/2
   363 | D:1      | Reached skill level 3 in Unarmed Combat
   364 | D:1      | Reached * piety under Lugonu
   603 | D:1      | Found a faded altar of an unknown god.
   970 | D:2      | Noticed Natasha
   976 | D:2      | Killed Natasha
   977 | D:2      | Reached skill level 4 in Unarmed Combat
   977 | D:2      | Reached XP level 3. HP: 31/31 MP: 3/3
  1042 | D:2      | Noticed Natasha
  1061 | D:2      | Killed Natasha
  1062 | D:2      | Reached XP level 4. HP: 19/38 MP: 4/4
  1064 | D:2      | Reached skill level 5 in Unarmed Combat
  1281 | D:2      | Found a runed translucent door.
  1282 | D:2      | Noticed Crazy Yiuf
  1359 | D:2      | Noticed Natasha
  1395 | D:2      | Killed Natasha
  1396 | D:2      | Reached XP level 5. HP: 41/45 MP: 5/5
  1615 | D:3      | Found an opulent altar of Gozag.
  1662 | D:3      | Reached skill level 6 in Unarmed Combat
  1786 | D:3      | Reached XP level 6. HP: 13/51 MP: 6/6
  2210 | D:3      | Found an ornate altar of the Wu Jian Council.
  2292 | D:3      | Reached skill level 7 in Unarmed Combat
  2495 | D:3      | Reached ** piety under Lugonu
  2591 | D:3      | Reached skill level 8 in Unarmed Combat
  2591 | D:3      | Reached XP level 7. HP: 45/57 MP: 7/7
  2989 | D:4      | Found a blossoming altar of Fedhas.
  3024 | D:4      | Noticed Edmund
  3194 | D:4      | Noticed Grinder
  3310 | D:3      | Reached skill level 9 in Unarmed Combat
  3706 | D:4      | Reached XP level 8. HP: 36/63 MP: 8/8
  3844 | D:4      | Paralysed by Grinder for 6 turns
  3852 | D:4      | Killed Grinder
  3853 | D:4      | Reached skill level 10 in Unarmed Combat
  4316 | D:4      | Killed Edmund
  4423 | D:4      | Reached *** piety under Lugonu
  4482 | D:4      | Noticed Eustachio
  4497 | D:4      | Killed Eustachio
  4755 | D:5      | Entered Level 5 of the Dungeon
  4950 | D:5      | Reached XP level 9. HP: 61/72 MP: 10/10
  5144 | D:5      | Reached skill level 5 in Fighting
  5220 | D:5      | Found a glowing drain.
  5228 | Sewer    | Entered a sewer
  5339 | Sewer    | Noticed Purgy
  5399 | Sewer    | Killed Purgy
  5577 | D:5      | Noticed Duvessa
  5578 | D:5      | Noticed Dowan
  5586 | D:5      | Killed Duvessa
  5590 | D:5      | Killed Dowan
  5591 | D:5      | Reached skill level 1 in Shields
  5933 | D:2      | Killed Crazy Yiuf
  6224 | D:6      | Reached **** piety under Lugonu
  6248 | D:6      | Found a staircase to the Ecumenical Temple.
  6305 | D:6      | Killed an unseen horror
  6306 | D:6      | Reached skill level 5 in Invocations
  6545 | Temple   | Entered the Ecumenical Temple
  6709 | D:6      | Found a hazy altar of Hepliaklqana.
  6913 | D:7      | Reached skill level 11 in Unarmed Combat
  7117 | D:7      | Noticed a two-headed ogre
  7127 | D:7      | Killed a two-headed ogre
  7128 | D:7      | Reached skill level 5 in Armour
  7128 | D:7      | Reached XP level 10. HP: 22/84 MP: 13/13
  7168 | D:7      | HP: 1/84 [something/ball of steam (16)]
  7567 | D:7      | Noticed a boulder beetle
  7589 | D:7      | Demolished by a boulder beetle

Illustrated notes

Levels and vault maps discovered:
D:1:      dpeg_arrival_rooms_b, layout_loops_ring,
          hellmonk_ecumenical_altar_lost_god
D:2:      layout_rooms, kennysheep_generic_room_5, uniq_crazy_yiuf_cottage,
          uniq_natasha
D:3:      kennysheep_big_flooded_room, layout_basic, lemuel_tele_altar,
          nzn_wu_jian_contemplation
D:4:      layout_basic, lemuel_doored_altar, lightli_minifort, uniq_grinder,
          uniq_edmund, uniq_eustachio
D:5:      kennysheep_spiral_hall, layout_loops_cross, portal_sewer_entry_b,
          minmay_misc_feat_ornament, serial_bayou_pond_b, uniq_duvessa
D:6:      layout_loops_ring, mainiacjoe_overflow_brackets,
          minmay_temple_entry_grid
D:7:      cheibrodos_barr_body, layout_cave_pods, grunt_decor_fettered,
          minivault_26
Temple:   dpeg_chambers_temple

Skill      XL: |  1  2  3  4  5  6  7  8  9 10 |
---------------+-------------------------------+-----
Unarmed Combat | 4 5 6 8 9 10 11 | 11.0
Armour         | 3 5 |  5.5
Fighting       | 4 6 7 |  7.1
Invocations    | 3 6 |  6.4
Shields        | 3 |  3.7
Dodging        | |  0.8

Action                   |  1- 3 |  4- 6 |  7- 9 | 10-12 || total
-------------------------+-------+-------+-------+-------++-------
Melee: Unarmed           |    65 |   164 |   369 |    40 ||   638
       Punch             |     1 |     2 |     9 |       ||    12
Throw: Boomerang         |     5 |       |     7 |       ||    12
       Dart              |       |       |       |     5 ||     5
Invok: Depart the Abyss  |     1 |       |       |       ||     1
       Bend Space        |       |       |     2 |     2 ||     4
       Banish            |       |       |       |     2 ||     2
  Use: Scroll            |       |       |    13 |       ||    13
       Potion            |       |       |     2 |       ||     2
Armor: Leather armour    |     4 |       |       |       ||     4
       Chain mail        |    15 |    93 |   138 |    10 ||   256
Dodge: Dodged            |    22 |    61 |   114 |    15 ||   212
Block: Other             |     3 |    37 |    36 |       ||    76
       Buckler           |       |       |    73 |     9 ||    82

Table legend: (Time is in decaauts)
 A = Elapsed time spent in this place.
 B = Non-inter-level travel time spent in this place.
 C = Inter-level travel time spent in this place.
 D = Time resting spent in this place.
 E = Time spent auto-exploring this place.
 F = Levels seen in this place.
 G = Mean time per level.
                   A        B        C        D        E       F      G
               +--------+--------+--------+--------+--------+-----+--------+
         Total |   7524 |   7063 |    461 |   1442 |   3820 |  10 |  752.4 |
       Dungeon |   7169 |   6708 |    461 |   1442 |   3637 |   7 | 1024.1 |
        Temple |      1 |      1 |      0 |      0 |      0 |   1 |    1.0 |
         Abyss |     51 |     51 |      0 |      0 |     35 |   1 |   51.0 |
         Sewer |    302 |    302 |      0 |      0 |    148 |   1 |  302.0 |
               +--------+--------+--------+--------+--------+-----+--------+

Top non-repeatable levels by time:
     D:3: 1801 daAuts
     D:4: 1268 daAuts
     D:1: 886 daAuts
     D:2: 882 daAuts
     D:6: 816 daAuts
     D:5: 791 daAuts
     D:7: 722 daAuts
   Sewer: 302 daAuts
 Abyss:1: 51 daAuts
  Temple: 1 daAuts
